 Dungeon Crawl Stone Soup version 0.25-b1-37-g2669288c55 (webtiles) character file.

Game seed: 10207653470301015915

16 Esekla the Stinger (level 2, -2/13 HPs)
             Began as a Vine Stalker Venom Mage on June 5, 2020.
             Slain by a jackal (3 damage)
             ... on level 2 of the Dungeon.
             The game lasted 00:03:33 (566 turns).

Esekla the Stinger (Vine Stalker Venom Mage)         Turns: 566, Time: 00:03:34

Health: -2/13      AC:  2    Str: 10    XL:     2   Next: 54%
Magic:  0/6        EV: 16    Int: 15    God:
Gold:   35         SH:  0    Dex: 14    Spells: 3/6 levels left

rFire    . . .     SeeInvis .   j - +0 dagger
rCold    . . .     Gourm    .   (no shield)
rNeg     . . .     Faith    .   a - +0 robe
rPois    .         Spirit   +   (no helmet)
rElec    .         Reflect  .   (no cloak)
rCorr    .         Harm     .   (no gloves)
MR       .....                  (no boots)
Stlth    +.........             (no amulet)
HPRegen  0.04/turn              f - +4 ring of evasion
MPRegen  0.10/turn              h - ring of attention (curse)

@: very slightly contaminated
A: fangs 2, magic shield, antimagic bite, no potion heal 3, rot immunity
a: no special abilities


You were on level 2 of the Dungeon.
You were not hungry.

You visited 1 branch of the dungeon, and saw 2 of its levels.

You collected 35 gold pieces.

Inventory:

Hand Weapons
 e - a +0 hand axe
 j - a +0 dagger (weapon)
Armour
 a - a +0 robe (worn)
Jewellery
 f - a +4 ring of evasion (left hand)
 h - a cursed ring of attention (right hand)
Scrolls
 b - 2 scrolls of enchant armour {unknown}
 i - a scroll of amnesia {unknown}
 k - a scroll of fear {unknown}
 l - a scroll of identify {unknown}
Potions
 d - a potion of brilliance {unknown}
 g - a potion of magic {unknown}
 m - a potion of curing {unknown}
Comestibles
 c - 2 rations


   Skills:
 * Level 0.2 Fighting
 + Level 1.6 Dodging
 - Level 2.4 Stealth
 * Level 2.6 Spellcasting
 - Level 1.0 Transmutations
 * Level 0.4 Air Magic
 - Level 3.3 Poison Magic


You had 3 spell levels left.
You knew the following spells:

 Your Spells              Type           Power        Failure   Level  Hunger
a - Sting                 Tmut/Pois      #...         9%          1    #......
v - Poisonous Vapours     Pois/Air       #.....       14%         2    ###....

Your spell library contained the following spells:

 Spells                   Type           Power        Failure   Level  Hunger
 Ignite Poison            Fire/Tmut/Pois #.......     34%         3    ###....
 Mephitic Cloud           Conj/Pois/Air  #.......     36%         3    ###....
 Olgreb's Toxic Radiance  Pois           ##......     47%         4    #####..


Dungeon Overview and Level Annotations

Branches:
Dungeon (2/15)

Altars:


Innate Abilities, Weirdness & Mutations

You have extremely sharp teeth.
When hurt, damage is shared between your health and your magic reserves.
Your bite disrupts and absorbs the magic of your enemies.
Potions cannot restore your health.
You are immune to rotting.


Message History

Confirm with . or Enter, or press ? or * to list all spells.
Aiming: Poisonous Vapours (safe; 14% risk of failure)
Press: ? - help, Dir - move target cursor, f - jackal
Aim: a jackal You miscast Poisonous Vapours.
You are very lightly contaminated with residual magic.
Nothing appears to happen.
The jackal misses you.
You hit the jackal.
The jackal is moderately wounded.
The jackal bites you but does no damage.
The jackal barely misses you.
You completely miss the jackal. You bite the jackal, but do no damage.
The jackal is moderately wounded.
The jackal completely misses you.
You hit the jackal.
The jackal is severely wounded.
The jackal bites you.
* * * LOW HITPOINT WARNING * * *
The jackal bites you.
You die...

### ..# ..
..# #.. .>.
#.. #.#
#...#.# #
#...#.##.####
#...†........
#@# #h# #b#
#.....#
#......
###.....
#.#.#..
........
.####.....


You could see a jackal and a bat.

Vanquished Creatures
  A leopard gecko (D:2)
  A goblin (D:1)
  A hobgoblin (D:1)
  3 jackals (D:1)
  2 kobolds (D:1)
  A bat (D:2)
  2 frilled lizards
  3 rats
14 creatures vanquished.

Notes
Turn   | Place    | Note
-------+----------+-------------------------------------------
     0 | D:1      | Esekla the Vine Stalker Venom Mage began the quest for the
                  | Orb.
     0 | D:1      | Reached XP level 1. HP: 9/9 MP: 4/4
   282 | D:1      | Reached XP level 2. HP: 9/13 MP: 4/6
   293 | D:1      | Learned a level 2 spell: Poisonous Vapours
   566 | D:2      | Slain by a jackal

Illustrated notes

Levels and vault maps discovered:
D:1:      dpeg_arrival_round_c, layout_basic
D:2:      layout_rooms, grunt_temple_overflow_open, dk_noncrumbling_2,
          uniq_sigmund, uniq_terence

Action                   || total
-------------------------++-------
Melee: Dagger            ||    46
       Hand axe          ||     8
       Bite              ||    10
 Cast: Sting             ||     1
       Poisonous Vapours ||     1
Armor: Robe              ||     7
Dodge: Dodged            ||    51
